 Dungeon Crawl Stone Soup version 0.30.1 (webtiles) character file.

Game seed: 6790680069226259305

37633 McKennaii the Devastator (level 13, -8/94 HPs)
             Began as a Demigod Conjurer on July 11, 2023.
             Mangled by a catoblepas (11 damage)
             ... while petrified by a catoblepas
             ... on level 3 of the Lair of Beasts.
             The game lasted 00:26:31 (19487 turns).

McKennaii the Devastator (Demigod Conjurer)        Turns: 19487, Time: 00:26:31

Health: -8/94      AC: 14    Str:  8    XL:     13   Next: 27%
Magic:  30/36      EV:  2    Int: 36    God:
Gold:   784        SH:  0    Dex: 12    Spells: 21/40 levels left

rFire   . . .        A - staff of conjuration
rCold   + . .        (no shield)
rNeg    + + +        W - +2 robe {rC+}
rPois   ∞            l - +0 helmet
rElec   .            C - +0 cloak
rCorr   .            Q - +2 pair of gloves
SInv    .            v - +0 pair of boots
Will    +....        S - amulet of magic regeneration
Stlth   ++           y - ring of wizardry
HPRegen 0.35/turn    u - +4 ring of protection
MPRegen 0.65/turn

%: wizardry (x1)
@: petrified
A: high MP 1, forlorn, divine attributes
a: no special abilities


You were on level 3 of the Lair of Beasts.
You visited 2 branches of the dungeon, and saw 15 of its levels.
You also visited: Ossuary, Bailey and Ice Cave.

You collected 1070 gold pieces.
You spent 286 gold pieces at shops.

Inventory:

Armour
 l - a +0 helmet (worn)
 v - a +0 pair of boots (worn)
 C - a +0 cloak (worn)
 Q - a +2 pair of gloves (worn)
 W - a +2 robe of cold resistance (worn)
 X - a +2 buckler of cold resistance
Magical Staves
 A - a staff of conjuration (weapon)
 Z - the staff of fire "Yvoqih" {rElec rF+}
   (You found it on level 10 of the Dungeon)

   [staff of fire]

   Base accuracy: +5 Base damage: 5 Base attack delay: 1.2 This weapon's minimum
   attack delay (0.6) is reached at skill level 12.
   rF:        It protects you from fire.
   rElec:     It insulates you from electricity.
   It falls into the 'Staves' category.
   It is a one-handed weapon.
Jewellery
 u - a +4 ring of protection (right hand)
 w - a ring of flight
 y - a ring of wizardry (left hand)
 P - a ring of poison resistance
 S - an amulet of magic regeneration (around neck)
 V - a ring of see invisible
 Y - a ring of ice
Wands
 a - a wand of digging (7)
 k - a wand of paralysis (7)
 t - a wand of flame (20)
 U - a wand of roots (6)
Scrolls
 c - 10 scrolls of teleportation {unknown}
 f - 3 scrolls of immolation {unknown}
 g - 3 scrolls of magic mapping {unknown}
 o - 4 scrolls of enchant weapon {unknown}
 q - 10 scrolls of identify {unknown}
 s - 2 scrolls of silence {unknown}
 z - a scroll of butterflies {unknown}
 B - 2 scrolls of poison {unknown}
 D - 3 scrolls of enchant armour {unknown}
 F - 2 scrolls of noise {unknown}
 G - 2 scrolls of blinking {unknown}
 J - 7 scrolls of fear {unknown}
 K - 2 scrolls of fog {unknown}
 L - 2 scrolls of amnesia {unknown}
 N - a scroll of brand weapon {unknown}
 O - a scroll of acquirement
 R - 2 scrolls of vulnerability {unknown}
Potions
 b - 2 potions of magic
 d - 2 potions of cancellation {unknown}
 e - 3 potions of brilliance {unknown}
 h - 4 potions of attraction {unknown}
 i - 3 potions of mutation {unknown}
 j - 2 potions of flight {unknown}
 m - a potion of might {unknown}
 n - 3 potions of degeneration {unknown}
 p - 2 potions of invisibility {unknown}
 r - 3 potions of resistance {unknown}
 x - a potion of ambrosia {unknown}
 E - 5 potions of lignification {unknown}
 H - 5 potions of curing
 I - 3 potions of heal wounds {unknown}
 M - 4 potions of haste {unknown}


   Skills:
 + Level 3.3 Fighting
 - Level 1.7 Dodging
 - Level 1.7 Stealth
 + Level 14.0 Spellcasting
 + Level 15.5 Conjurations


You had 21 spell levels left.
You knew the following spells:

 Your Spells              Type           Power      Damage    Failure   Level
a - Magic Dart            Conj           100%       1d8       0%          1
b - Searing Ray           Conj           100%       2d8       0%          2
c - Iskenderun's Mystic   Conj/Tloc      89%        2d17      1%          4
e - Orb of Destruction    Conj           58%        9d14      1%          7
f - Freezing Cloud        Conj/Ice/Air   38%        6-21      1%          5

Your spell library contained the following spells:

 Spells                   Type           Power      Damage    Failure   Level
 Apportation              Tloc           50%        N/A       1%          1
 Necrotise                Necr           100%       1d9       1%          1
 Shock                    Conj/Air       100%       1d9       1%          1
 Summon Small Mammal      Summ           100%       N/A       1%          1
 Poisonous Vapours        Pois/Air       50%        N/A       1%          2
 Scorch                   Fire           50%        2d7       1%          2
 Sublimation of Blood     Necr           25%        N/A       1%          2
 Dazzling Flash           Conj/Hex       100%       N/A       1%          3
 Mephitic Cloud           Conj/Pois/Air  76%        N/A       1%          3
 Portal Projectile        Hex/Tloc       50%        N/A       1%          3
 Tukima's Dance           Hex            25%        N/A       1%          3
 Flame Wave               Conj/Fire      89%        2d19      1%          4
 Fulminant Prism          Conj/Hex       44%        3d19      1%          4
 Conjure Ball Lightning   Conj/Air       44%        3x3d15    4%          6
 Anguish                  Hex/Necr       12%        N/A       6%          4
 Olgreb's Toxic Radiance  Pois           25%        N/A       6%          4
 Petrify                  Tmut/Erth      25%        N/A       6%          4
 Blade Hands              Tmut           12%        N/A       16%         5
 Metabolic Englaciation   Hex/Ice        12%        N/A       16%         5
 Spellforged Servitor     Conj/Summ      44%        N/A       21%         7
 Simulacrum               Ice/Necr       12%        N/A       65%         6
 Statue Form              Tmut/Erth      16%        N/A       65%         6
 Summon Cactus Giant      Summ           12%        N/A       65%         6
 Discord                  Hex            12%        N/A       100%        8
 Disjunction              Tloc           12%        N/A       100%        8
 Ignition                 Fire           12%        3d6       100%        8


Dungeon Overview and Level Annotations

Branches:
Dungeon (12/15)            Temple (0/1) D:7            Lair (3/5) D:11
  Swamp (0/4) Lair:2        Snake (0/4) Lair:2          Orc (0/2) D:11
Ossuary (visited)          Bailey (visited)           IceCv (visited)

Shops:
D:1 *   D:2 *   D:8 =


Innate Abilities, Weirdness & Mutations

You have an increased reservoir of magic. (+10% MP)
You shall have no god before yourself.
Your divine heritage dramatically boosts your attributes as you level up.


Message History

You feel a surge of power!
The wavering orb of destruction hits the catoblepas!!!
The catoblepas is severely wounded.
The rime drake breathes ice at you. The icy flash freeze hits you.
You partially resist.
* * * LOW HITPOINT WARNING * * *
You are encased in ice.
The catoblepas breathes a plume of calcifying dust at you.
The blast of calcifying dust hits you but does no damage.
Your limbs are stiffening.
Unknown command.
The rime drake is engulfed in calcifying dust.
The rime drake is moving more slowly.
The rime drake barely misses you.
You have turned to stone.
The catoblepas breathes a plume of calcifying dust at you.
The blast of calcifying dust hits you but does no damage.
The rime drake is engulfed in calcifying dust.
The rime drake stops moving altogether!
You are engulfed in calcifying dust.
The ice encasing you melts away.
The bush is engulfed in calcifying dust.
The catoblepas gores you.
* * * LOW HITPOINT WARNING * * *
The rime drake is engulfed in calcifying dust.
You are engulfed in calcifying dust.
The bush is engulfed in calcifying dust.
The bush turns to stone!
The catoblepas gores you!!
* * * LOW HITPOINT WARNING * * *
You are engulfed in calcifying dust.
The bush is engulfed in calcifying dust.
The catoblepas gores you but does no damage.
The bush is engulfed in calcifying dust.
The catoblepas breathes a plume of calcifying dust at you.
The blast of calcifying dust hits you but does no damage.
You are engulfed in calcifying dust.
The catoblepas gores you!!
* * * LOW HITPOINT WARNING * * *
You are engulfed in calcifying dust.
The catoblepas gores you!
* * * LOW HITPOINT WARNING * * *
You are engulfed in calcifying dust.
The catoblepas gores you!!
You die...

........#.........##.##..#
#...... #..........#.#.<.#
. ... ................##
...........#..#.#
........P.P#.##.#
.........P.#.#..#
........P.....#.#
.............#..#
.......Y@.P#.#...#
......).k.##.# .##
.....?....##.. .#
..#.......#...# .
.............#. ##
..#.....#....##. .
#.......#P.# .........##.#
.#.....#.# .#


You could see a catoblepas and a rime drake (petrified).

Vanquished Creatures
  A caustic shrike (shapeshifter) (D:11)
  Kirke (D:12)
  A reaper (IceCv)
  An ettin (D:10)
  The ghost of McKennaii the Fighter, a journeyman DsFi of Qazlal (Lair:1)
  The ghost of LaMa the Orderly, a journeyman DrIE of Makhleb (D:11)
  5 hydras
  2 boulder beetles
  2 two-headed ogres
  An orc high priest (Bailey)
  2 skysharks
  3 orc knights (Bailey)
  A cyclops (D:12)
  2 manticores
  A black mamba (Lair:3)
  2 ice statues (IceCv)
  5 cane toads
  An unseen horror (D:11)
  5 komodo dragons
  3 kobold demonologists
  6 ice devils (IceCv)
  An anaconda simulacrum (IceCv)
  4 trolls
  A polar bear (shapeshifter) (D:10)
  A hornet (D:9)
  Prince Ribbit (D:9)
  5 blink frogs (Lair:1)
  Grinder (D:6)
  A water elemental (D:11)
  A shadow (D:9)
  2 slime creatures
  A wraith (D:11)
  16 yaks
  A wyvern (D:11)
  A human (D:11)
  2 basilisks
  8 hogs
  A steam dragon (D:9)
  3 death yak simulacra (IceCv)
  A harpy simulacrum (IceCv)
  3 nagas (Lair:2)
  6 water moccasins
  A swamp worm (Lair:2)
  3 ice beasts
  11 orc warriors
  A black bear (D:7)
  An ogre (D:5)
  4 centaurs
  27 wolves
  A gnoll sergeant (D:10)
  6 kobold brigands
  9 bullfrogs
  2 scorpions
  A cane toad simulacrum (IceCv)
  A two-headed ogre simulacrum (IceCv)
  3 wights (D:8)
  An elephant simulacrum (IceCv)
  5 howler monkeys
  5 electric eels
  9 hounds
  3 orc priests
  Crazy Yiuf (D:2)
  A gnoll bouda (D:9)
  3 jellies
  Jessica (D:2)
  Natasha (thrice) (D:2)
  6 iguanas
  6 orc wizards
  2 troll simulacra (IceCv)
  2 polar bear simulacra (IceCv)
  3 spriggan simulacra (IceCv)
  A wolf simulacrum (IceCv)
  A mummy (Ossuary)
  Robin (D:2)
  15 gnolls
  8 adders
  A naga simulacrum (IceCv)
  A river rat (Lair:1)
  A shadow imp (D:8)
  4 white imps
  4 ufetubi (IceCv)
  A worm (D:5)
  A dart slug (D:2)
  30 orcs
  4 spectral bats (Ossuary)
  9 ball pythons
  4 endoplasms
  12 gnoll zombies (Ossuary)
  22 goblins
  15 hobgoblins
  4 jackals
  17 kobolds
  3 quokkas
  4 bats
  2 bat simulacra (Ossuary)
  4 frilled lizards
  4 goblin simulacra (Ossuary)
  3 goblin zombies (Ossuary)
  6 hobgoblin zombies (Ossuary)
  4 kobold simulacra (Ossuary)
  3 kobold zombies (Ossuary)
  6 orc zombies (Ossuary)
  2 rats
  4 rat simulacra (Ossuary)
  2 spectral goblins (Ossuary)
  4 spectral kobolds (Ossuary)
  3 spectral rats (Ossuary)
440 creatures vanquished.

Vanquished Creatures (others)
  A human (D:12)
1 creature vanquished.

Grand Total: 441 creatures vanquished

Notes
Turn   | Place    | Note
-------+----------+-------------------------------------------
     0 | D:1      | McKennaii the Demigod Conjurer began the quest for the Orb.
     0 | D:1      | Reached XP level 1. HP: 14/14 MP: 5/5
   244 | D:1      | Found Bojiss's Assorted Antiques.
   525 | D:1      | Reached XP level 2. HP: 20/20 MP: 5/7
   528 | D:1      | Learned a level 2 spell: Searing Ray
   950 | D:2      | Noticed Natasha
   970 | D:2      | Killed Natasha
   971 | D:2      | Reached skill level 4 in Conjurations
   971 | D:2      | Reached XP level 3. HP: 12/26 MP: 2/9
  1190 | D:2      | Noticed Natasha
  1197 | D:2      | Killed Natasha
  1298 | D:2      | Noticed Natasha
  1302 | D:2      | Killed Natasha
  1303 | D:2      | Reached XP level 4. HP: 33/33 MP: 6/11
  1404 | D:2      | Noticed Robin
  1517 | D:2      | Killed Robin
  1592 | D:2      | Noticed Jessica
  1596 | D:2      | Killed Jessica
  1598 | D:2      | Found Ihi Tufe's Assorted Antiques.
  1671 | D:2      | Reached XP level 5. HP: 38/38 MP: 9/13
  1676 | D:2      | Learned a level 4 spell: Iskenderun's Mystic Blast
  1978 | D:2      | Found a runed translucent door.
  1979 | D:2      | Noticed Crazy Yiuf
  2036 | D:3      | Reached skill level 5 in Conjurations
  3399 | D:4      | Reached XP level 6. HP: 45/45 MP: 11/15
  3914 | D:5      | Entered Level 5 of the Dungeon
  4013 | D:5      | Reached skill level 6 in Conjurations
  4342 | D:5      | Reached XP level 7. HP: 50/50 MP: 9/17
  4446 | D:5      | Reached skill level 5 in Spellcasting
  5028 | D:2      | Killed Crazy Yiuf
  5155 | D:1      | Bought a sedimented white potion for 14 gold pieces
  5155 | D:1      | Bought a scroll labelled WEAREG FIUC for 16 gold pieces
  5155 | D:1      | Bought a grey potion for 14 gold pieces
  5155 | D:1      | Bought a grey potion for 14 gold pieces
  5155 | D:1      | Bought a fuming green potion for 14 gold pieces
  5155 | D:1      | Bought a scroll labelled SEZEKO BIXI for 16 gold pieces
  5155 | D:1      | Bought 3 scrolls labelled DERULU IHOREGO for 48 gold pieces
  5211 | D:2      | Bought a scroll labelled JIODIBLOSAN for 25 gold pieces
  5211 | D:2      | Bought a scroll labelled NEUMAYDWAE for 25 gold pieces
  5211 | D:2      | Bought a scroll labelled ROCEP ZIEN for 25 gold pieces
  5211 | D:2      | Bought a scroll labelled KAMNAW MANUETH for 25 gold pieces
  5308 | D:6      | Noticed Grinder
  5317 | D:6      | Killed Grinder
  5318 | D:6      | Reached skill level 7 in Conjurations
  5467 | D:6      | Found a sand-covered staircase.
  5474 | Ossuary  | Entered an ossuary
  6810 | D:6      | Reached XP level 8. HP: 11/57 MP: 8/20
  7453 | D:2      | Bought a scroll labelled KAMNAW MANUETH for 25 gold pieces
  7453 | D:2      | Bought a scroll labelled KAMNAW MANUETH for 25 gold pieces
  7517 | D:7      | Found a flagged portal.
  7609 | Bailey   | Entered a bailey
  7742 | Bailey   | Reached skill level 8 in Conjurations
  8056 | Bailey   | Noticed an orc knight
  8078 | Bailey   | Killed an orc knight
  8079 | Bailey   | Reached XP level 9. HP: 62/62 MP: 5/24
  8224 | Bailey   | Noticed an orc knight
  8258 | Bailey   | Killed an orc knight
  8259 | Bailey   | Reached skill level 9 in Conjurations
  8681 | Bailey   | Noticed a kobold demonologist
  8681 | Bailey   | Noticed an orc high priest
  8681 | Bailey   | Noticed an orc knight
  8683 | Bailey   | Noticed an ice devil
  8684 | Bailey   | Noticed a sun demon
  8686 | Bailey   | Noticed an ice devil
  8688 | Bailey   | Killed an orc knight
  8689 | Bailey   | Reached skill level 10 in Conjurations
  8689 | Bailey   | Killed a kobold demonologist
  8753 | Bailey   | Noticed an orange demon
  8755 | Bailey   | Noticed a smoke demon
  8756 | Bailey   | Killed an orc high priest
  8918 | Bailey   | Got the Discourse on Corpses
  9274 | D:7      | Reached XP level 10. HP: 69/69 MP: 18/27
  9441 | D:7      | Found a staircase to the Ecumenical Temple.
 11038 | D:8      | Found Weunk's Jewellery Boutique.
 11253 | D:9      | Reached skill level 11 in Conjurations
 11311 | D:9      | Noticed Prince Ribbit
 11319 | D:9      | Killed Prince Ribbit
 11415 | D:9      | Reached skill level 10 in Spellcasting
 11539 | D:9      | Noticed a five-headed hydra
 11548 | D:9      | Killed a five-headed hydra
 11890 | D:10     | Entered Level 10 of the Dungeon
 11949 | D:10     | Noticed a two-headed ogre
 11961 | D:10     | Killed a two-headed ogre
 12531 | D:10     | Found a runed translucent door.
 12531 | D:10     | Noticed a manticore
 12536 | D:10     | Killed a manticore
 12537 | D:10     | Reached skill level 12 in Conjurations
 12544 | D:10     | Noticed a boulder beetle
 12926 | D:11     | Found a runed translucent gate.
 12928 | D:11     | Found a runed translucent gate.
 12928 | D:11     | Found a runed translucent gate.
 12928 | D:11     | Noticed LaMa's ghost (journeyman DrIE)
 12931 | D:11     | Noticed a glowing orange brain
 12935 | D:11     | a glowing orange brain changed into a sea snake
 12935 | D:11     | Noticed a sea snake (glowing shapeshifter)
 12983 | D:11     | Reached XP level 11. HP: 74/74 MP: 24/30
 13081 | D:11     | Noticed a two-headed ogre
 13098 | D:11     | Killed a two-headed ogre
 13403 | D:11     | Found a staircase to the Lair.
 13424 | D:11     | Noticed a boulder beetle
 13466 | D:11     | Killed a boulder beetle
 13549 | D:11     | Found a staircase to the Orcish Mines.
 13789 | D:11     | Reached skill level 13 in Conjurations
 13970 | D:11     | a merfolk changed into a steelbarb worm
 13970 | D:11     | Noticed a steelbarb worm (glowing shapeshifter)
 13976 | D:12     | Noticed Kirke
 13981 | D:12     | Killed Kirke
 14048 | D:12     | Noticed a sixfirhy
 14071 | D:12     | Found a frozen archway.
 14197 | IceCv    | Entered an ice cave
 14689 | IceCv    | Reached XP level 12. HP: 57/81 MP: 18/33
 15070 | IceCv    | Noticed a reaper
 15122 | IceCv    | Killed a reaper
 15123 | IceCv    | Reached skill level 14 in Conjurations
 15401 | IceCv    | Got the Codex of the Shot
 15827 | D:10     | Killed a boulder beetle
 15868 | D:10     | Noticed a four-headed hydra
 15875 | D:10     | Killed a four-headed hydra
 15903 | D:10     | Noticed a five-headed hydra
 15906 | D:10     | Noticed an ettin
 15914 | D:10     | Killed a five-headed hydra
 15914 | D:10     | Killed an ettin
 15966 | D:10     | Identified the staff of fire "Yvoqih" {rElec rF+}
 15979 | D:10     | Learned a level 7 spell: Orb of Destruction
 16014 | D:11     | Noticed a dire elephant
 16015 | D:11     | a dire elephant changed into an azure jelly
 16015 | D:11     | Noticed an azure jelly (glowing shapeshifter)
 16022 | D:11     | an azure jelly changed into a frost giant
 16022 | D:11     | Noticed a frost giant (glowing shapeshifter)
 16237 | D:11     | Killed LaMa's ghost
 16297 | D:11     | Noticed a caustic shrike
 16303 | D:11     | Killed a caustic shrike
 16687 | Lair:1   | Entered Level 1 of the Lair of Beasts
 16957 | Lair:1   | Reached skill level 15 in Conjurations
 17264 | Lair:1   | Found a runed translucent gate.
 17264 | Lair:1   | Found a runed translucent gate.
 17267 | Lair:1   | Found a runed translucent gate.
 17267 | Lair:1   | Noticed McKennaii's ghost (journeyman DsFi)
 17282 | Lair:1   | Killed McKennaii's ghost
 18041 | Lair:2   | Found a staircase to the Snake Pit.
 18055 | Lair:2   | Reached XP level 13. HP: 62/88 MP: 20/35
 18156 | Lair:2   | Reached skill level 1 in Fighting
 18765 | Lair:2   | Found a staircase to the Swamp.
 18883 | Lair:2   | Learned a level 5 spell: Freezing Cloud
 19486 | Lair:3   | HP: 2/94 [catoblepas (8)]
 19487 | Lair:3   | Mangled by a catoblepas

Illustrated notes

Levels and vault maps discovered:
D:1:      minmay_arrival_nine_rooms, layout_loops_ring, serial_shops, shop,
          minmay_crystal_water
D:2:      layout_rooms, serial_shops, nicolae_shop_overgrown_old_shop,
          uniq_jessica, uniq_robin, uniq_crazy_yiuf_cottage, uniq_natasha
D:3:      layout_basic, mainiacjoe_overflow_brackets
D:4:      layout_cave_pools, kennysheep_generic_room_5
D:5:      layout_cave_pools, nicolae_overflow_hidden_temple
D:6:      layout_rooms, mainiacjoe_overflow_concentric_impassable,
          enter_ossuary_1, roderic_serpentine_path, uniq_grinder
D:7:      layout_basic, nicolae_gozag_conspicuous_consumption,
          minmay_temple_entry_glass, serial_curves, eino_curves_02,
          eino_curves_01, enter_bailey_3
D:8:      layout_basic, kiku_gazebo_garden_becter,
          nicolae_ru_great_annihilating_truth, lemuel_round_altar,
          bloody_makhleb, elyvilon_altar_5, mainiacjoe_overflow_chevrons,
          serial_corexii_hall, chequers_hall_statues_corner_a,
          corexii_hall_statues_x, serial_shops, shop
D:9:      layout_long_grid, uniq_prince_ribbit1
D:10:     layout_roguey, old_standard_altar, overflow_temple_1_default,
          serial_co_window_serial, co_window_paths_a, co_window_paths_a,
          co_window_of_opportunity_a, co_window_paths_b, co_window_paths_a,
          co_window_corner_ca, co_window_broadway_b, co_window_cross_4,
          co_window_paths_c, co_window_broadway_c, hex_medium, st_stairs_12,
          minivault_13
D:11:     layout_roguey, erik_lair_island, orc_0_dummy, ebering_ghost_gozag,
          grunt_livestock, chequers_serial_rivers_micro_a
D:12:     layout_loops_ring, portal_ice_cave_entry_pillars_2, uniq_erolcha,
          uniq_kirke
Lair:1:   layout_loops_ring, ebering_ghost_rock_garden, pond
Lair:2:   layout_loops_ring, palyth_hydra_swamp_entry,
          minmay_snake_entry_guardpost_small
Lair:3:   layout_long_grid, hangedman_lair_unloving_vines, grunt_megastairs_3

Skill      XL: |  1  2  3  4  5  6  7  8  9 10 11 12 13 |
---------------+----------------------------------------+-----
Spellcasting   | 2 3 4 6 7 9 10 12 13 14 | 14.0
Conjurations   | 4 5 6 7 8 10 12 13 15 | 15.5
Fighting       | 3 |  3.3
Dodging        | |  1.7
Stealth        | |  1.7

Action                     |  1- 3 |  4- 6 |  7- 9 | 10-12 | 13-15 || total
---------------------------+-------+-------+-------+-------+-------++-------
  Melee: Unarmed           |     9 |     9 |       |       |       ||    18
         Short sword       |       |       |       |    10 |       ||    10
         Staff             |       |       |       |     5 |     5 ||    10
   Cast: Magic Dart        |    50 |   140 |    75 |   257 |    56 ||   578
         Searing Ray       |     2 |    17 |    66 |    83 |       ||   168
         Iskenderun's Myst |       |       |    20 |   180 |    34 ||   234
         Orb of Destructio |       |       |       |     6 |    13 ||    19
         Freezing Cloud    |       |       |       |       |     1 ||     1
  Evoke: Wand              |       |       |     4 |     9 |       ||    13
    Use: Potion            |     1 |       |       |       |       ||     1
   Stab: Paralysed         |       |       |       |     9 |       ||     9
 Armour: Robe              |     7 |    25 |    21 |    65 |    19 ||   137
  Dodge: Dodged            |    16 |    41 |    43 |   109 |    28 ||   237
